Map: Ulrena

Players

zidar - Winner!

  • Race: Zerg Zerg
  • League: Gold
  • Spawn Location: 11:00

shenkie

  • Race: Terran Terran
  • League: Silver
  • Spawn Location: 7:00

VOD

Have the link to the VOD?

Description

Time

  • Played on: June 15, 2016, 12:25 p.m.
  • Length: 15:41
Show
View Real Time Build Order
Export as new Build Order

zidar Zerg - Winner!

Build Orders: Pool First 

Get SALT Encoding   

  12  0:02  Drone  
  13  0:12  Overlord  
  13  0:17  Drone  
  14  0:30  Drone x2  
  14  0:34  Drone  
  17  0:48  Spawning Pool  
  16  0:50  Drone  
  17  1:16  Drone  
  17  1:17  Hatchery  
  16  1:19  Extractor  
  16  1:22  Drone  
  16  1:31  Drone  
  17  1:36  Queen  
  19  1:43  Drone  
  20  1:52  Overlord  
  20  2:11  Drone  
  20  2:12  Queen  
  23  2:20  Drone  
  23  2:22  Metabolic Boost  
  25  2:37  Zergling x6  
  25  3:03  Extractor  
  24  3:26  Drone  
  24  3:27  Drone x5  
  30  3:36  Baneling Nest  
  29  3:45  Lair  
  29  3:54  Drone x7  
  36  4:22  Overlord x4  
  36  4:31  Pneumatized Carapace  
  36  4:40  Zergling x12  
  42  4:55  Centrifical Hooks  
  42  5:06  Evolution Chamber  
  41  5:08  Evolution Chamber  
  41  5:09  Extractor  
  39  5:18  Drone x6  
  39  5:19  Extractor  
  44  5:24  Queen  
  44  5:28  Baneling x6  
  44  5:55  Drone x8  
  52  6:00  Hatchery  
  52  6:03  Zerg Ground Armor Level 1  
  51  6:04  Zerg Melee Weapons Level 1  
  51  6:25  Zergling x12  
  57  6:28  Baneling  
  57  6:29  Baneling x3  
  57  6:33  Drone  
  57  6:34  Drone  
  59  6:48  Drone x4  
  59  6:51  Zergling x2  
  59  6:52  Zergling x4  
  66  7:02  Overlord x3  
  66  7:03  Overlord  
  66  7:29  Drone x3  
  73  7:30  Drone x8  
  73  7:36  Spire  
  77  7:51  Zergling x2  
  77  7:52  Zergling x10  
  77  7:53  Zergling x2  
  77  7:55  Baneling x7  
  83  8:28  Zergling x2  
  83  8:29  Zergling x26  
  83  8:32  Baneling x6  
  83  8:33  Baneling x7  
  97  8:44  Extractor  
  97  8:45  Extractor, Zerg Ground Armor Level 2  
  97  8:46  Zerg Melee Weapons Level 2  
  95  8:57  Corruptor  
  95  8:58  Corruptor x3, Infestation Pit  
  102  9:07  Overlord x6  
  102  9:16  Drone x2  
  102  9:17  Drone x2  
  106  9:25  Drone x5  
  111  9:32  Hatchery  
  110  9:46  Drone x5  
  110  9:51  Drone  
  110  9:52  Drone  
  117  9:55  Zerg Flyer Weapons Level 1  
  117  9:58  Corruptor  
  117  9:59  Corruptor x3  
  123  10:03  Baneling x9  
  125  10:07  Hive  
  123  11:27  Hatchery  
  122  11:35  Hatchery, Zerg Melee Weapons Level 3, Zerg Ground Armor Level 3  
  122  11:36  Hatchery, Adrenal Glands  
  120  11:44  Ultralisk Cavern  
  119  12:16  Zergling x20  
  119  12:17  Zergling x14  
  136  12:36  Overseer  
  136  12:37  Chitinous Plating  
  136  12:41  Overseer  
  122  13:43  Ultralisk x2  
  122  13:44  Ultralisk x4  
  119  14:11  Ultralisk x3  
  119  14:12  Ultralisk x4  
  119  14:15  Zergling x4  
  163  14:17  Overlord x3  
  163  14:18  Overlord x4  
  163  14:19  Overlord  
  155  15:00  Viper x3  
  155  15:01  Viper x2  
  155  15:03  Zergling x46  
  155  15:04  Zergling x14  
Show
View Real Time Build Order
Export as new Build Order

shenkie Terran 

Build Orders: Reaper Expand 

Get SALT Encoding   

  12  0:03  SCV  
  13  0:15  SCV  
  13  0:19  Supply Depot  
  14  0:27  SCV  
  15  0:40  SCV  
  16  0:44  Barracks  
  16  0:52  Refinery  
  16  0:53  SCV  
  17  1:01  Supply Depot  
  17  1:16  SCV  
  18  1:30  Orbital Command  
  18  1:38  Reaper  
  19  1:50  Command Center  
  19  1:58  Refinery  
  19  1:59  SCV  
  20  2:10  Reaper  
  20  2:11  SCV  
  22  2:23  SCV  
  23  2:42  Marine  
  23  3:04  SCV x2  
  25  3:29  Barracks Reactor  
  25  3:37  Factory  
  25  3:40  Barracks  
  25  3:41  SCV  
  25  3:42  Engineering Bay  
  25  3:44  Engineering Bay  
  26  3:53  Supply Depot  
  26  3:59  Orbital Command  
  26  4:00  SCV  
  26  4:01  Supply Depot  
  27  4:10  Marine x2  
  27  4:12  SCV  
  30  4:24  SCV  
  30  4:25  Refinery, SCV  
  32  4:36  Factory Tech Lab, SCV  
  32  4:38  Barracks Tech Lab  
  33  4:39  Marine x2  
  33  4:41  Terran Infantry Weapons Level 1  
  33  4:42  Terran Infantry Armor Level 1  
  33  4:43  SCV  
  36  4:48  SCV  
  36  4:49  Refinery  
  37  4:55  SCV  
  37  4:56  Marauder  
  37  4:57  Marine x2, Siege Tank, Supply Depot  
  45  5:00  SCV  
  45  5:03  Supply Depot  
  46  5:07  SCV  
  46  5:11  Supply Depot  
  46  5:13  SCV  
  46  5:14  Starport  
  48  5:20  SCV  
  49  5:22  Marine x2  
  49  5:23  Marauder  
  49  5:25  SCV  
  54  5:32  SCV  
  55  5:39  Liberator  
  55  5:48  Marine x2  
  55  5:49  Marauder  
  58  5:52  Hellion  
  63  5:57  Factory  
  63  5:58  SCV  
  63  5:59  SCV  
  65  6:10  Command Center, SCV  
  66  6:16  Supply Depot, Hellion  
  68  6:20  SCV  
  68  6:21  Armory  
  68  6:22  SCV  
  70  6:28  Marine x2  
  70  6:29  Marauder  
  74  6:40  SCV x2  
  74  6:42  Barracks  
  74  6:46  Marine  
  77  6:49  Starport Reactor  
  77  6:52  Factory Reactor, SCV  
  78  6:57  Barracks  
  78  7:07  Siege Tank  
  81  7:19  Terran Infantry Weapons Level 2  
  81  7:21  Terran Infantry Armor Level 2  
  81  7:25  Medivac x2  
  81  7:27  Stimpack  
  81  7:29  SCV x2  
  87  7:30  Orbital Command  
  87  7:41  SCV x2  
  89  7:46  Supply Depot x2  
  89  7:55  Supply Depot  
  89  7:56  Supply Depot  
  89  8:09  Liberator x2  
  89  8:18  Marine x2  
  89  8:19  Marauder  
  99  8:42  SCV x3  
  99  8:47  Barracks Tech Lab, Refinery  
  102  8:49  Refinery  
  102  8:51  Barracks Tech Lab  
  102  8:53  Starport  
  102  8:54  SCV  
  100  9:01  Siege Tank  
  103  9:08  Marauder  
  109  9:10  Concussive Shells  
  109  9:13  Widow Mine x2  
  109  9:22  Marine x2  
  111  9:29  Marauder  
  113  9:33  Liberator x2  
  113  9:45  Bunker  
  119  9:53  Terran Vehicle And Ship Armor Level 1  
  119  9:55  Terran Infantry Weapons Level 3  
  119  9:56  Terran Infantry Armor Level 3  
  119  9:57  Starport Tech Lab  
  119  10:15  Liberator, Siege Tank  
  126  10:21  Marine x2  
  126  10:22  Marauder  
  126  10:24  Widow Mine x2, Banshee  
  136  10:52  Siege Tank  
  141  11:01  Widow Mine  
  141  11:33  Supply Depot  
  141  11:38  Supply Depot  
  141  11:39  Supply Depot x2  
  141  11:40  Supply Depot x2  
  141  11:41  Supply Depot  
  141  11:42  Supply Depot  
  141  11:45  Supply Depot  
  141  11:54  SCV x3, Siege Tank  
  141  11:59  Banshee  
  152  12:02  Widow Mine, Supply Depot  
  152  12:03  Marine x3  
  152  12:04  Marauder x2  
  152  12:06  Command Center, SCV  
  160  12:10  Medivac x2  
  164  12:21  Marauder  
  166  12:29  Siege Tank  
  169  12:31  Marine x3  
  169  12:32  Marauder  
  174  12:42  Banshee  
  174  12:43  Marauder  
  179  12:48  Marine  
  179  12:49  Marine, Marauder  
  183  13:09  Viking x2  
  177  13:25  Banshee  
  107  14:03  Marine  
  107  14:04  Marauder x2  
  107  14:09  Marine x2  
  108  14:25  Marauder x2  
  108  14:27  Marauder  
  108  14:29  Banshee  
  108  14:30  Viking x2  
  121  14:36  Marine x2  
  96  14:46  Marauder  
  96  14:47  Marauder  
  81  15:00  Viking x2  
Tags
 
Add a new tag
Caveats
  • Supply blocks, unpowered buildings, or Contaminate may cause inaccurate times.
  • Supply counts are checked every 10 seconds.